AoeStats
← CNZS_98T

Nomad

508386145Analyzed
2v2 RM · 9d ago on Sep 22, 2026· 32m 47s· 4 players
Game mode
Random Map
Map size
176×176
Population
200
Speed
Normal
Resources
Standard
Victory
Conquest
Starting age
Dark Age
Ending age
Imperial Age
RankedLock teamsTeams togetherTeam positionsShared explorationLock speedFull tech treeHidden civsTurbo modeCheats
Victory
Defeat
🇹🇷 Poles · Türkiye
1976
+8
🇺🇸 Spanish · United States
1572
+24
🇳🇱 Lithuanians · Netherlands
1949
-23
🇪🇸 Byzantines · Spain
1597
-9
GirlWonder_
3:44 Loom
14:12 Feudal Age
14:40 Town Watch
14:53 Double-Bit Axe
17:49 Castle Age
16:25 Fishing Lines
19:11 Wheelbarrow
18:50 Bow Saw
18:32 Gold Mining
20:03 Padded Archer Armor
23:45 Horse Collar
26:08 Husbandry
28:15 Bloodlines
BoyWonder_
13:58 Feudal Age
14:31 Double-Bit Axe
14:39 Fishing Lines
17:24 Castle Age
17:17 Forging
17:35 Scale Barding Armor
17:42 Light Cavalry
18:29 Gillnets
18:49 Medium Warships
21:00 Bow Saw
22:34 Bloodlines
22:14 Fletching
22:51 Horse Collar
23:55 Padded Archer Armor
23:40 Elite Skirmisher
25:21 Leather Archer Armor
25:10 Bodkin Arrow
26:43 Wheelbarrow
26:12 Heavy Plow
26:53 Ballistics
26:34 Loom
26:35 Town Watch
29:49 Hand Cart
32:08 Imperial Age
30:34 Leather Archer Armor
31:37 Thumb Ring
32:59 Bracer
CNZS_98T
14:54 Feudal Age
15:40 Double-Bit Axe
15:36 Fishing Lines
18:37 Castle Age
17:14 Forging
18:10 Loom
19:24 Wheelbarrow
19:37 Medium Warships
20:04 Bow Saw
20:43 Iron Casting
24:02 Fletching
Flow
10:18 Loom
13:25 Feudal Age
15:10 Double-Bit Axe
17:27 Gold Mining
19:47 Castle Age
20:02 Fletching
19:49 Crossbowman
20:45 Bodkin Arrow
20:53 Squires
20:46 Pikeman
23:58 Ballistics
26:20 Sanctity
28:20 Padded Archer Armor
34:49 Imperial Age
Connection lost

Rejoining the realm…

Still unreachable

The connection could not be restored.

Session expired

The server has moved on; the page needs a fresh start.